 Dungeon Crawl Stone Soup version 0.29-a0-541-gaf1fc19f1b (webtiles) character file.

Game seed: 3878568926608511588

107 Sabo the Skirmisher (level 4, -1/41 HPs)
             Began as a Hill Orc Fighter on June 2, 2022.
             Slain by a gnoll
             ... wielding a +0 flail
              (9 damage)
             ... on level 3 of the Dungeon.
             The game lasted 00:11:57 (2742 turns).

Sabo the Skirmisher (Hill Orc Fighter)              Turns: 2742, Time: 00:11:57

Health: -1/41      AC: 10    Str: 20    XL:     4   Next: 85%
Magic:  4/4        EV:  7    Int:  8    God:
Gold:   235        SH:  4    Dex: 10    Spells: 3/3 levels left

rFire   + . .      SeeInvis +   a - +0 war axe
rCold   . . .      Faith    .   c - +0 buckler
rNeg    . . .      Spirit   .   g - +0 chain mail
rPois   .          Reflect  .   (no helmet)
rElec   .          Harm     .   (no cloak)
rCorr   .          Rampage  .   (no gloves)
Will    .....                   q - +0 pair of boots
Stlth   ..........              (no amulet)
HPRegen 0.13/turn               m - ring of see invisible
MPRegen 0.09/turn               u - ring of protection from fire

@: no status effects
A: no striking features
a: no special abilities


You were on level 3 of the Dungeon.
You visited 1 branch of the dungeon, and saw 3 of its levels.

You collected 235 gold pieces.

Inventory:

Hand Weapons
 a - a +0 war axe (weapon)
Armour
 c - a +0 buckler (worn)
 f - the +0 plate armour "Elilijex" {Drain rCorr Str+4}
   (You found it on level 2 of the Dungeon)

   Str:       It affects your strength (+4).
   rCorr:     It protects you from acid and corrosion.
   Drain:     It drains your maximum health when unequipped.
 g - a +0 chain mail (worn)
 n - a +0 plate armour
 q - a +0 pair of boots (worn)
Jewellery
 m - a ring of see invisible (left hand)
 u - a ring of protection from fire (right hand)
Wands
 t - a wand of polymorph (12)
Scrolls
 h - a scroll of teleportation
 i - a scroll of enchant armour
 l - a scroll of magic mapping
 o - 2 scrolls of fear {unknown}
 r - a scroll of noise {unknown}
 s - a scroll of poison {unknown}
 v - a scroll of silence {unknown}
Potions
 b - a potion of lignification {unknown}
 d - 2 potions of might
 e - a potion of flight {unknown}
 k - 2 potions of haste {unknown}
 p - a potion of heal wounds {unknown}


   Skills:
 + Level 4.5 Fighting
 + Level 4.2 Axes
 + Level 3.9 Armour
 + Level 0.1 Dodging
 + Level 0.7 Stealth
 + Level 3.7 Shields


You had 3 spell levels left.
You didn't know any spells.
Your spell library contained the following spells:

 Spells                   Type           Power      Damage    Failure   Level
 Sandblast                Erth           0%         2d4       99%         1
 Passwall                 Tmut/Erth      0%         N/A       100%        2
 Stone Arrow              Conj/Erth      0%         3d7       100%        3


Dungeon Overview and Level Annotations

Branches:
Dungeon (3/15)

Altars:


Message History

There is an open door here.
An adder comes into view.
The adder hisses angrily.
You hear a shout!
A gnoll comes into view. It is wielding a +0 flail.
The gnoll shouts!
The gnoll moves out of view.
A gnoll comes into view. It is wielding a +0 spear.
A gnoll comes into view.
It is wielding a +1 flail of holy wrath.
A gnoll comes into view. It is wielding a +0 club.
You closely miss the adder. You block the adder's attack.
You closely miss the adder. You block the adder's attack.
The adder bites you but does no damage.
You barely miss the adder. The adder bites you but does no damage.
The adder barely misses you.
You slash the adder!
The adder is severely wounded.
The adder closely misses you. The gnoll barely misses you.
You slash the adder!
You kill the adder!
You barely miss the gnoll. x2
The gnoll hits you from afar with a +0 spear.
The gnoll hits you with a +0 flail!
The gnoll hits you with a +1 flail of holy wrath.
The gnoll hits you but does no damage. You block the gnoll's attack.
The gnoll hits you with a +1 flail of holy wrath.
You see here an adder corpse.
The gnoll attacks as you move away! You block the gnoll's attack.
The gnoll barely misses you. The gnoll hits you with a +0 flail.
You slash the gnoll!
The gnoll is severely wounded.
You slash the gnoll! You completely miss the gnoll.
The gnoll hits you from afar with a +0 spear.
* * * LOW HITPOINT WARNING * * *
The gnoll hits you with a +0 flail.
* * * LOW HITPOINT WARNING * * *
You block the gnoll's attack. x2
As you read the scroll of summoning, it crumbles to dust.
Wisps of shadow whirl around you... The gnoll barely misses you.
The gnoll hits you with a +0 flail!
You die...

......# ........
..###.###.#.#...........
..###. .....+...........
............#...........
#########...............
.# #............... .....
........g..>.... .#### #.
#.$.gg§...... .# ##
#..#...g@S.....### ..
..#..#....§w§P§....#####
.##
#.#.....r..§§§§≈..P....#
.#
###.#.##.....§§§§§≈§P....#
.#
...........§.§.§≈≈≈.....#
.#
#...####'##§#.§≈≈......#
.#
#...####.##.#P.P≈......#
##
#........##.#.#........#
#..≈≈≈≈..............#.#


You could see 4 gnolls, a friendly dart slug (summoned), a friendly ball python
(summoned) and a friendly rat (summoned).

Vanquished Creatures
  Jessica (D:3)
  A hound skeleton (D:3)
  An adder (D:3)
  2 worms
  3 dart slugs (D:1)
  An orc (D:3)
  7 ball pythons
  5 endoplasms
  2 goblins
  4 hobgoblins
  2 quokkas (D:1)
  3 ball python skeletons (D:3)
  4 bats
  2 frilled lizards
  5 kobolds
  A quokka skeleton (D:3)
  3 rats (D:1)
  A toadstool (D:3)
48 creatures vanquished.

Vanquished Creatures (others)
  2 fungi (D:3)
  3 toadstools (D:3)
5 creatures vanquished.

Grand Total: 53 creatures vanquished

Notes
Turn   | Place    | Note
-------+----------+-------------------------------------------
     0 | D:1      | Sabo the Hill Orc Fighter began the quest for the Orb.
     0 | D:1      | Reached XP level 1. HP: 19/19 MP: 1/1
   417 | D:1      | Reached XP level 2. HP: 27/27 MP: 2/2
   856 | D:1      | Reached XP level 3. HP: 33/33 MP: 3/3
  1053 | D:2      | Identified the +0 plate armour "Elilijex" {Drain rCorr
                  | Str+4}
  2269 | D:3      | Noticed Jessica
  2280 | D:3      | Killed Jessica
  2281 | D:3      | Reached XP level 4. HP: 21/41 MP: 4/4
  2742 | D:3      | Slain by a gnoll

Illustrated notes

Levels and vault maps discovered:
D:1:      minmay_arrival_split_and_join, layout_loops_corners
D:2:      layout_basic, kennysheep_nub, chequers_serial_rivers_small_3,
          minmay_quantized
D:3:      layout_basic, serial_undead, serial_undead_b, serial_undead_f,
          serial_undead_b, serial_undead_f, minmay_gold_behind_fungi,
          serial_bayou_pond_d, minmay_tree_intersection, uniq_jessica

Skill      XL: |  1  2  3 |
---------------+----------+-----
Axes           | 3 4 |  4.2
Fighting       | 4 |  4.5
Armour         | |  3.9
Dodging        | |  0.1
Stealth        | |  0.7
Shields        | |  3.7

Action                   |  1- 3 |  4- 6 || total
-------------------------+-------+-------++-------
Melee: War axe           |    91 |    18 ||   109
  Use: Scroll            |     7 |     1 ||     8
Armor: Scale mail        |     5 |       ||     5
       Chain mail        |    55 |    10 ||    65
Dodge: Dodged            |    26 |     9 ||    35
Block: Buckler           |    17 |     8 ||    25

Table legend: (Time is in decaauts)
 A = Elapsed time spent in this place.
 B = Non-inter-level travel time spent in this place.
 C = Inter-level travel time spent in this place.
 D = Time resting spent in this place.
 E = Time spent auto-exploring this place.
 F = Levels seen in this place.
 G = Mean time per level.
                   A        B        C        D        E       F      G
               +--------+--------+--------+--------+--------+-----+--------+
         Total |   2785 |   2785 |      0 |    502 |      0 |   3 |  928.3 |
       Dungeon |   2785 |   2785 |      0 |    502 |      0 |   3 |  928.3 |
               +--------+--------+--------+--------+--------+-----+--------+

Top non-repeatable levels by time:
     D:2: 1134 daAuts
     D:1: 1054 daAuts
     D:3: 597 daAuts
